 Dungeon Crawl Stone Soup version 0.17-a0-1798-g879a7aa (webtiles) character file.

3906 ololoev the Basher (level 10, 0/109 HPs)
             Began as a Yellow Draconian Skald on Sept 10, 2015.
             Was a Follower of Trog.
             Slain by a sheep (1 damage)
             ... on level 8 of the Dungeon.
             The game lasted 00:27:24 (9273 turns).

ololoev the Basher (Yellow Draconian Skald)         Turns: 9273, Time: 00:27:25

Health: 0/109      AC: 11    Str: 20    XL:     10   Next: 0%
Magic:  13/13      EV: 12    Int: 13    God:    Trog [*.....]
Gold:   90         SH:  0    Dex: 13    Spells: 2 memorised, 10 levels left

rFire  . . .     SeeInvis .     a - +1 flail (holy)
rCold  . . .     Clarity  .     (armour unavailable)
rNeg   . . .     SustAt   .     (no shield)
rPois  .         Gourm    +     (helmet restricted)
rElec  .         Spirit   .     (no cloak)
rCorr  +         Warding  .     j - +2 pair of gloves
rMut   .         Stasis   .     u - +0 pair of boots
MR     +....                    d - amulet of the gourmand
Stlth  ..........               (no ring)
                                (no ring)

@: berserking, very quick, somewhat resistant to hostile enchantments, extremely
unstealthy
A: spit acid, acid resistance, unfitting armour, magic resistance 1, mutation
resistance 1, cold-blooded, AC +7
a: Spit Acid, Burn Spellbooks, Berserk, Renounce Religion


Innate Abilities, Weirdness & Mutations

You can spit globs of acid.
You are resistant to acid.
Your golden yellow scales are hard (AC +7).
Your body does not fit into most forms of armour.
You are cold-blooded and may be slowed by cold attacks.
You are resistant to hostile enchantments.
You are somewhat resistant to further mutation.

Inventory:

Hand weapons
 a - a +1 flail of holy wrath (weapon)
 b - a +2 blowgun
 g - a cursed -3 flail
Missiles
 k - 8 poisoned needles
Armour
 j - a +2 pair of gloves (worn)
 q - a cursed -1 buckler
 u - a +0 pair of boots (worn)
Jewellery
 d - an amulet of the gourmand (around neck)
 y - an uncursed ring of wizardry {unknown}
Magical devices
 e - a wand of digging (2)
Scrolls
 i - a scroll of fog
 l - 5 scrolls of recharging
 m - a scroll of magic mapping
 n - a scroll of random uselessness {unknown}
 w - a scroll of identify
Potions
 h - a potion of curing
 o - a potion of brilliance
Comestibles
 c - 4 bread rations
 p - 3 meat rations


   Skills:
 - Level 2.1 Fighting
 * Level 12.2 Maces & Flails
 + Level 6.7 Throwing
 - Level 1.3 Dodging
 - Level 2.0 Spellcasting
 - Level 2.6 Charms


You had 10 spell levels left.
You knew the following spells:

 Your Spells              Type           Power        Failure   Level  Hunger
a - Infusion              Chrm           #.....       10%         1    ##.....
b - Song of Slaying       Chrm           #.......     14%         2    ###....


You were on level 8 of the Dungeon.
You worshipped Trog.
Trog was aware of your devotion.
You were not hungry.

You visited 1 branch of the dungeon, and saw 8 of its levels.

You collected 288 gold pieces.
You spent 198 gold pieces at shops.

###### ##.........# ###....#
.....Y..#.# ### ##.....##
..........# #.###....###
.......#.## #..#....## ......#..#
#.. ##.....## #....##.###....
##...## ######.###.....
##...################..##......
##..#.........<@ยง......##.......
##..#####........Y......##.......
#..## ##......####.............
#### #............##........#
#..........#####......#
#..........# ##....##
#.........## #...## ##.....####
#.#..## ####..# ####..##

Notes
Turn   | Place    | Note
--------------------------------------------------------------
     0 | D:1      | ololoev the Draconian Skald began the quest for the Orb.
     0 | D:1      | Reached XP level 1. HP: 17/17 MP: 3/3
   125 | D:1      | Reached XP level 2. HP: 9/24 MP: 3/5
   129 | D:1      | Learned a level 2 spell: Song of Slaying
   540 | D:1      | Reached skill level 3 in Maces & Flails
   955 | D:1      | Reached XP level 3. HP: 22/29 MP: 6/6
  1107 | D:2      | Found a deep blue altar of Sif Muna.
  1222 | D:2      | Noticed Natasha
  1235 | D:2      | Killed Natasha
  1235 | D:2      | Reached skill level 4 in Maces & Flails
  1235 | D:2      | Reached XP level 4. HP: 21/36 MP: 2/7
  1633 | D:2      | Noticed Sigmund
  2180 | D:2      | Found a stormy altar of Qazlal.
  2287 | D:2      | Noticed Natasha
  2290 | D:2      | Killed Natasha
  2517 | D:3      | Reached skill level 5 in Maces & Flails
  2517 | D:3      | Reached XP level 5. HP: 28/41 MP: 6/8
  3050 | D:3      | Found a shimmering altar of Xom.
  3426 | D:3      | Found a shattered altar of Ashenzari.
  3588 | D:4      | Found an ancient bone altar of Kikubaaqudgha.
  3599 | D:4      | Reached skill level 6 in Maces & Flails
  3883 | D:4      | Reached XP level 6. HP: 48/48 MP: 9/9
  3955 | D:4      | Reached skill level 1 in Throwing
  4130 | D:4      | Found a deep blue altar of Sif Muna.
  4156 | D:4      | Found a snail-covered altar of Cheibriados.
  4156 | D:4      | Found a basalt altar of Yredelemnul.
  4290 | D:4      | Found a burning altar of Makhleb.
  4309 | D:4      | Gained mutation: You are somewhat resistant to further mutation. [potion of beneficial mutation]
  4833 | D:2      | Noticed Natasha
  4841 | D:2      | Killed Natasha
  4866 | D:2      | Killed Sigmund
  4866 | D:2      | Reached skill level 7 in Maces & Flails
  5188 | D:4      | Your scales start taking on a golden yellow colour.
  5188 | D:4      | Reached XP level 7. HP: 41/55 MP: 8/10
  5337 | D:5      | Entered Level 5 of the Dungeon
  5524 | D:5      | Found a bloodstained altar of Trog.
  5570 | D:5      | Became a worshipper of Trog the Wrathful
  5655 | D:5      | Found a staircase to the Ecumenical Temple.
  5776 | D:5      | Noticed Prince Ribbit
  5786 | D:5      | HP: 2/55 [Prince Ribbit (14)]
  6109 | D:6      | Found Gaujo's Armour Shoppe.
  6259 | D:6      | Reached skill level 8 in Maces & Flails
  6435 | D:6      | Bought a +2 pair of gloves for 198 gold pieces
  6478 | D:6      | Found Vittua Nayto's Magic Scroll Shop.
  6508 | D:6      | Reached XP level 8. HP: 61/61 MP: 11/11
  6542 | D:6      | Gained mutation: You are resistant to hostile enchantments. [mutagenic meat]
  6656 | D:6      | Acquired Trog's first power
  6676 | D:6      | Reached skill level 9 in Maces & Flails
  6731 | D:6      | Found Fuut's Antique Armour Emporium.
  6749 | D:6      | Found Rajet's Distillery.
  6922 | D:6      | Found Kubedari's Distillery.
  7062 | D:7      | Noticed dadoka's ghost (experienced OpTm)
  7103 | D:7      | Killed dadoka's ghost
  7103 | D:7      | Reached skill level 10 in Maces & Flails
  7103 | D:7      | Reached skill level 5 in Throwing
  7404 | D:7      | Noticed Duvessa
  7405 | D:7      | Noticed Dowan
  7427 | D:7      | Killed Duvessa
  7427 | D:7      | Reached XP level 9. HP: 62/67 MP: 12/12
  7442 | D:7      | Killed Dowan
  7609 | D:7      | Found a bloodstained altar of Trog.
  8324 | D:8      | Reached skill level 11 in Maces & Flails
  8637 | D:8      | Found a staircase to the Lair.
  8647 | D:8      | Noticed Joseph
  8653 | D:8      | Noticed a death yak
  8657 | D:8      | Noticed an elephant
  9270 | D:8      | HP: 1/100 [death yak (15)]
  9271 | D:8      | Killed a death yak
  9271 | D:8      | Reached skill level 12 in Maces & Flails
  9271 | D:8      | Reached XP level 10. HP: 1/73 MP: 13/13
  9273 | D:8      | Slain by a sheep

Dungeon Overview and Level Annotations

Branches:
Dungeon (8/15)             Temple (0/1) D:5            Lair (0/8) D:8

Altars:
Ashenzari
Cheibriados
Kikubaaqudgha
Makhleb
Qazlal
Sif Muna
Trog
Xom
Yredelemnul

Shops:
D:6 [?![!

Annotations:
D:5 Prince Ribbit
D:8 Joseph


Message History

Press: ? - help, Shift-Dir - straight line You toss away a book of Enchantments.
The book of Enchantments hits the death yak but does no damage.
The death yak gores you!!
Use which ability?
The spellbook bursts into flames.
Trog is delighted!
You feel slightly more hungry. The sheep bites you but does no damage.
The death yak is engulfed in roaring flames.
The death yak barely misses you.
Use which ability?
A red film seems to cover your vision as you go berserk!
You feel yourself moving faster!
You feel mighty!
You feel quite a bit more hungry. The sheep bites you.
The death yak is engulfed in roaring flames.
The death yak gores you!
You hit the death yak.
The death yak is moderately wounded.
The sheep bites you.
You hit the death yak.
Your tail-slap misses the death yak.
The death yak is moderately wounded.
The death yak is engulfed in roaring flames.
The death yak gores you!!
You hit the death yak. You tail-slap the death yak.
The death yak is heavily wounded.
The sheep bites you.
You bludgeon the death yak!!
The death yak is severely wounded.
The death yak is engulfed in roaring flames.
The death yak gores you!
You bludgeon the death yak!!
You kill the death yak!
Trog accepts your kill.
Your Maces & Flails skill increases to level 12!
You have reached level 10!
The sheep closely misses you.
You barely miss the sheep. You sock the sheep!
The sheep is heavily wounded.
The sheep bites you.
You die...

You could see a sheep.

Vanquished Creatures
  A death yak (D:8)
  The ghost of dadoka the Martial Artist, an experienced OpTm of Vehumet (D:7)
  A yak (D:8)
  Sigmund (D:2)
  2 hippogriffs (D:7)
  2 hungry ghosts (D:8)
  Duvessa (D:7)
  3 sky beasts (D:6)
  A necrophage (D:5)
  A black bear (D:7)
  An ogre (D:7)
  2 centaurs (D:8)
  Dowan (D:7)
  2 giant frogs (D:6)
  A scorpion (D:4)
  4 wights (D:8)
  A water moccasin skeleton (D:7)
  A vampire bat (D:4)
  A crimson imp (D:6)
  A jelly (D:7)
  An orc priest (D:5)
  4 iguanas
  3 iron imps (D:4)
  3 worker ants
  2 orc wizards
  Natasha (thrice) (D:2)
  A worker ant zombie (D:7)
  A hound skeleton (D:4)
  8 gnolls
  8 adders
  2 shadow imps
  An ooze (D:6)
  A worm (D:6)
  4 giant geckos
  9 orcs
  2 bat skeletons (D:4)
  4 bat zombies (D:4)
  6 giant cockroaches
  7 goblins
  18 hobgoblins
  10 jackals
  4 ball pythons
  4 bats
  A giant gecko zombie (D:6)
  2 giant newts (D:2)
  10 kobolds
  6 quokkas
  9 rats
163 creatures vanquished.

Action                   |  1- 3 |  4- 6 |  7- 9 | 10-12 || total
-------------------------+-------+-------+-------+-------++-------
Melee: Mace              |    54 |       |       |       ||    54
       Flail             |    28 |   201 |   258 |     2 ||   489
 Fire: Blowgun           |       |    17 |    54 |       ||    71
 Cast: Infusion          |     4 |     5 |     1 |       ||    10
       Song of Slaying   |     1 |     6 |     1 |       ||     8
Invok: Burn Spellbooks   |       |       |     2 |       ||     2
       Berserk           |       |       |     7 |       ||     7
 Abil: Spit Acid         |       |       |    11 |       ||    11
Evoke: Wand              |       |       |     2 |       ||     2
  Use: Potion            |     3 |     2 |     5 |       ||    10
       Scroll            |       |     9 |    10 |       ||    19
 Stab: Sleeping          |       |     3 |     2 |       ||     5
  Eat: Chunk             |     4 |    19 |    28 |       ||    51

Vault maps used:
D:1:      lightli_molten_gateway
D:2:      nicolae_overflow_crystal_walls, nicolae_qazlal_eye_of_the_storm,
          uniq_sigmund, uniq_natasha
D:3:      lemuel_round_altar, cheibrodos_ashenzari_chains
D:4:      demons_altar, kennysheep_vampire_church,
          gammafunk_temple_overflow_elements, first_bread,
          minmay_misc_feat_encased, nrook_uturn, lemuel_blue_sif_altar
D:5:      hangedman_ru_absence, temple_statues, trog_hazing_becter,
          uniq_prince_ribbit1
D:6:      serial_shops, nicolae_shop_waterfront, kennysheep_little_box,
          nicolae_shop_statue_plus, shop_fountains, shop
D:7:      lemuel_coloured_pillars_altar, uniq_duvessa
D:8:      david_lair_generic, hangedman_ranch, uniq_joseph
